 Dungeon Crawl Stone Soup version 0.27-a0-1147-gb3d8e82157 (webtiles) character file.

Game seed: 8676100305672027274

80 senseless the Covered (level 4, -2/40 HPs)
             Began as a Minotaur Fighter on May 11, 2021.
             Killed by nerve-wracking pain
             ... invoked by an orc priest
              (8 damage)
             ... on level 3 of the Dungeon.
             The game lasted 00:03:02 (1950 turns).

senseless the Covered (Minotaur Fighter)            Turns: 1950, Time: 00:03:03

Health: -2/40      AC:  8    Str: 20    XL:     4   Next: 18%
Magic:  3/3        EV:  7    Int:  5    God:
Gold:   59         SH:  9    Dex: 11    Spells: 3/3 levels left

rFire    . . .     SeeInvis +   a - +1 war axe
rCold    . . .     Faith    .   c - +0 kite shield
rNeg     . . .     Spirit   .   b - +0 scale mail
rPois    .         Reflect  .   (helmet restricted)
rElec    .         Harm     .   (no cloak)
rCorr    .         Rampage  .   (no gloves)
Will     .....                  j - +0 pair of boots
Stlth    ..........             (no amulet)
HPRegen  0.13/turn              g - ring of see invisible
MPRegen  0.08/turn              (no ring)

@: no status effects
A: horns 2, retaliatory headbutt
a: no special abilities


You were on level 3 of the Dungeon.
You visited 1 branch of the dungeon, and saw 3 of its levels.

You collected 59 gold pieces.

Inventory:

Hand Weapons
 a - a +1 war axe (weapon)
Armour
 b - a +0 scale mail (worn)
 c - a +0 kite shield (worn)
 j - a +0 pair of boots (worn)
Jewellery
 g - a ring of see invisible (left hand)
Scrolls
 e - 2 scrolls of identify
 i - a scroll of teleportation
Potions
 d - a potion of might
 f - a potion of lignification
 h - 2 potions of heal wounds


   Skills:
 + Level 4.0 Fighting
 + Level 3.9 Axes
 + Level 4.3 Armour
 + Level 0.4 Dodging
 + Level 0.1 Stealth
 + Level 4.2 Shields


You had 3 spell levels left.
You didn't know any spells.
Your spell library contained the following spells:

 Spells                   Type           Power      Damage    Failure   Level
 Foxfire                  Conj/Fire      0%         2x1d4     99%         1
 Sandblast                Erth           0%         2d4       99%         1
 Summon Small Mammal      Summ           0%         N/A       99%         1
 Call Imp                 Summ           0%         N/A       100%        2
 Passwall                 Tmut/Erth      0%         N/A       100%        2
 Call Canine Familiar     Summ           0%         N/A       100%        3
 Conjure Flame            Conj/Fire      0%         6-21      100%        3
 Inner Flame              Hex/Fire       0%         N/A       100%        3
 Stone Arrow              Conj/Erth      0%         3d7       100%        3
 Summon Guardian Golem    Hex/Summ       0%         N/A       100%        3
 Petrify                  Tmut/Erth      0%         N/A       100%        4
 Sticky Flame             Conj/Fire      0%         2d3       100%        4
 Summon Ice Beast         Ice/Summ       0%         N/A       100%        4
 Summon Lightning Spire   Summ/Air       0%         N/A       100%        4
 Fireball                 Conj/Fire      0%         3d3       100%        5
 Lee's Rapid Deconstruct  Erth           0%         3d5*      100%        5


Dungeon Overview and Level Annotations

Branches:
Dungeon (3/15)

Altars:


Innate Abilities, Weirdness & Mutations

You have a pair of horns on your head.
You reflexively headbutt those who attack you in melee.


Message History

Found a stone staircase leading down.
There is a stone staircase leading down here. 2 orcs come into view.
The orc shouts!
You hear a shout!
An orc comes into view. It is wielding a +0 war axe.
You block the orc's attack.
You closely miss the orc. You slash the orc!
You kill the orc!
An orc priest comes into view. It is wielding a +0 mace.
The orc hits you with a +0 club.
The orc priest shouts!
You hit the orc but do no damage. You headbutt the orc, but do no damage.
An orc wizard comes into view. It is wielding a +1 dagger of venom.
You block the orc's attack.
You slash the orc!
You kill the orc!
The orc priest hits you but does no damage.
You barely miss the orc priest. You block the orc priest's attack.
You slash the orc priest!
The orc priest is almost dead.
The orc priest mumbles some strange prayers to Beogh against you.
Beogh smites you!
The orc priest hits you but does no damage.
You closely miss the orc priest. Your headbutt misses the orc priest.
The orc priest is almost dead.
The orc priest barely misses you.
The orc wizard casts a spell at itself.
The orc wizard flickers and vanishes for a moment.
Your shield prevents you from hitting the orc priest.
The orc priest is almost dead.
The orc priest hits you with a +0 mace.
The orc priest calls down the wrath of Beogh upon you.
Beogh smites you!
* * * LOW HITPOINT WARNING * * *
You are too injured to fight recklessly!
The orc priest looks encouraged for a moment.
The orc priest mumbles some strange prayers to Beogh against you.
Pain shoots through your body!
You die...

...#####.# ..
#..#.....# .....
##...##### #.##.#
##......## ##..##.#
#..###..###..# #.#
##.# ##.##..## #.#
#.# #...<..###.# #.#
###......#.#
###.######..[...@.###
<...........#####...#
....###..##.#
#.#.##### ..#..##..
#.# #o#.....##
.###.....##.#
#o#####..#### #
.###..##.#..# #o.
##....###.#
.##...##....#####.#
####..>#.#
###....###.....##.#
###.#.# #
#....#...###).#.#
###...#


You could see an orc priest, an orc wizard (invisible) and an orc.

Vanquished Creatures
  2 adders
  3 worms
  A dart slug (D:2)
  2 orcs (D:3)
  7 ball pythons
  3 endoplasms
  3 giant cockroaches
  5 hobgoblins
  A quokka (D:1)
  5 bats
  A frilled lizard (D:3)
  6 goblins
  2 kobolds
  4 rats
45 creatures vanquished.

Notes
Turn   | Place    | Note
-------+----------+-------------------------------------------
     0 | D:1      | senseless the Minotaur Fighter began the quest for the Orb.
     0 | D:1      | Reached XP level 1. HP: 19/19 MP: 0/0
   281 | D:1      | Reached XP level 2. HP: 27/27 MP: 1/1
   569 | D:1      | Found a faded altar of an unknown god.
  1203 | D:2      | Reached XP level 3. HP: 33/33 MP: 2/2
  1890 | D:3      | Reached XP level 4. HP: 39/40 MP: 3/3
  1950 | D:3      | Killed from afar by an orc priest

Illustrated notes

Levels and vault maps discovered:
D:1:      minmay_arrival_loop, layout_basic,
          shapermc_ecumenical_altar_mp_vishouse
D:2:      minmay_chambers_of_ones, layout_loops_ring
D:3:      layout_rooms, hex_medium, ebering_dispersal_statue_hall,
          serial_bayou_lagoon_b

Skill      XL: |  1  2  3 |
---------------+----------+-----
Shields        | 4 |  4.2
Fighting       | 4 |  4.0
Armour         | 4 |  4.3
Axes           | 3 |  3.9
Dodging        | |  0.4
Stealth        | |  0.1

Action                   |  1- 3 |  4- 6 || total
-------------------------+-------+-------++-------
Melee: War axe           |    88 |    10 ||    98
       Headbutt          |     9 |     1 ||    10
  Use: Scroll            |     5 |       ||     5
Armor: Scale mail        |    47 |     3 ||    50
Dodge: Dodged            |    44 |     3 ||    47
Block: Kite shield       |    59 |     3 ||    62

Table legend: (Time is in decaauts)
 A = Elapsed time spent in this place.
 B = Non-inter-level travel time spent in this place.
 C = Inter-level travel time spent in this place.
 D = Time resting spent in this place.
 E = Time spent auto-exploring this place.
 F = Levels seen in this place.
 G = Mean time per level.
                   A        B        C        D        E       F      G
               +--------+--------+--------+--------+--------+-----+--------+
         Total |   2005 |   1917 |     88 |     28 |   1587 |   3 |  668.3 |
       Dungeon |   2005 |   1917 |     88 |     28 |   1587 |   3 |  668.3 |
               +--------+--------+--------+--------+--------+-----+--------+

Top non-repeatable levels by time:
     D:1: 915 daAuts
     D:2: 800 daAuts
     D:3: 289 daAuts
